AoeStats
← darador86

Black Forest

508573228Analyzed
4v4 RM · 11d ago on Sep 23, 2026· 57m 56s· 8 players
Game mode
Random Map
Map size
Large (8 player)
Population
200
Speed
Normal
Resources
Standard
Victory
Conquest
Starting age
Dark Age
Ending age
Imperial Age
RankedLock teamsTeams togetherTeam positionsShared explorationLock speedFull tech treeHidden civsTurbo modeCheats
Victory
Defeat
🇦🇷 Saxons · Argentina
773
+14
🇦🇷 Varangians · Argentina
752
+15
🇺🇾 Danes · Uruguay
749
+15
🇦🇷 Huns · Argentina
710
+17
🇨🇳 Maya · China
798
-17
🇨🇦 Danes · Canada
795
-18
🇨🇴 Khmer · Colombia
699
-14
🇨🇴 Romans · Colombia
638
-12
SHEGO
0:27 Loom
10:42 Feudal Age
11:09 Double-Bit Axe
11:10 Horse Collar
14:06 Wheelbarrow
13:18 Loom
19:40 Castle Age
17:59 Loom
19:20 Gold Mining
19:27 Stone Mining
20:39 Bow Saw
20:30 Heavy Plow
22:21 Stone Shaft Mining
27:36 Fervor
27:24 Town Watch
28:01 Hand Cart
27:34 Loom
28:51 Town Patrol
33:28 Imperial Age
33:00 Arson
33:16 Squires
33:01 Gambesons
33:07 Treadmill Crane
33:37 Masonry
33:48 Ballistics
33:43 Forging
33:33 Scale Mail Armor
33:24 Fletching
33:43 Scale Barding Armor
34:02 Caravan
35:27 Architecture
36:02 Two-Man Saw
35:34 Crop Rotation
36:36 Chemistry
35:42 Siege Engineers
35:34 Murder Holes
35:51 Fortified Wall
36:48 Chain Barding Armor
36:43 Chain Mail Armor
37:04 Iron Casting
36:49 Bodkin Arrow
37:37 Conscription
38:20 Husbandry
37:44 Elite Varangian Guard
37:49 Gothikon
41:24 Blast Furnace
40:54 Plate Mail Armor
41:45 Bracer
44:13 Onager
darador86
0:43 Loom
12:57 Feudal Age
13:50 Double-Bit Axe
18:57 Castle Age
17:33 Horse Collar
17:46 Gold Mining
17:47 Stone Mining
21:56 Wheelbarrow
21:08 Town Watch
24:09 Heavy Plow
24:25 Bow Saw
25:38 Hand Cart
25:24 Town Patrol
30:42 Imperial Age
29:33 Forging
29:24 Scale Mail Armor
29:29 Scale Barding Armor
30:48 Caravan
33:21 Chemistry
32:34 Masonry
33:18 Gold Shaft Mining
33:24 Ballistics
33:04 Murder Holes
34:32 Husbandry
35:49 Marauders
36:18 Conscription
36:47 Bloodlines
36:31 Elite Tarkan
37:58 Iron Casting
37:39 Chain Mail Armor
37:44 Chain Barding Armor
37:25 Padded Archer Armor
37:16 Fletching
38:35 Two-Man Saw
39:49 Parthian Tactics
38:46 Elite Skirmisher
39:32 Thumb Ring
40:06 Atheism
45:27 Plate Barding Armor
45:53 Blast Furnace
44:49 Bodkin Arrow
45:10 Leather Archer Armor
54:37 Squires
54:22 Arson
55:00 Pikeman
57:01 Halberdier
QueMatracaAriel
0:30 Loom
12:10 Feudal Age
15:57 Double-Bit Axe
16:38 Stone Mining
19:01 Horse Collar
23:43 Castle Age
21:46 Gold Mining
25:41 Wheelbarrow
25:56 Bow Saw
26:27 Gold Shaft Mining
25:56 Heavy Plow
26:21 Fletching
27:53 Hand Cart
32:11 Imperial Age
32:37 Masonry
33:33 Conscription
32:44 Shield Wall
34:56 Two-Man Saw
34:01 Town Watch
35:17 Elite Hearth Troop
36:38 Crop Rotation
36:37 Forging
36:27 Scale Mail Armor
38:08 Coinage
37:50 Guilds
37:57 Town Patrol
37:53 Treadmill Crane
39:19 Siege Engineers
41:55 Ballistics
42:38 Hoardings
42:42 Iron Casting
42:22 Chain Mail Armor
42:45 Architecture
42:03 Arrowslits
42:09 Guard Tower
44:21 Fortified Wall
45:09 Plate Mail Armor
44:02 Onager
50:43 Squires
50:30 Gambesons
56:00 Chemistry
JoaKo_uy
0:35 Loom
14:42 Feudal Age
16:20 Double-Bit Axe
16:18 Horse Collar
27:25 Castle Age
26:02 Wheelbarrow
25:33 Man-at-Arms
26:20 Scale Mail Armor
26:33 Forging
26:24 Arson
28:16 Gold Mining
28:18 Stone Mining
28:48 Bow Saw
28:44 Heavy Plow
30:05 Squires
30:15 Town Watch
32:35 Hand Cart
32:18 Long Swordsman
32:52 Gambesons
36:09 Chain Mail Armor
36:30 Iron Casting
36:59 Gold Shaft Mining
36:36 Town Patrol
37:58 Bloodlines
37:21 Hamask
39:13 Fletching
44:35 Imperial Age
42:48 Stone Shaft Mining
44:56 Murder Holes
44:42 Two-Handed Swordsman
45:55 Plate Mail Armor
46:25 Blast Furnace
47:47 Champion
49:40 Masonry
49:55 Caravan
52:16 Conscription
51:22 Northmen's Fury
53:08 Chemistry
52:33 Ballistics
52:41 Ballistics
52:28 Siege Engineers
53:25 Chemistry
54:35 Onager
Seventh L3tter
0:30 Loom
12:43 Feudal Age
13:32 Double-Bit Axe
20:51 Castle Age
20:38 Gold Mining
20:39 Stone Mining
20:34 Horse Collar
30:33 Bow Saw
30:26 Heavy Plow
36:26 Imperial Age
34:16 Scale Mail Armor
34:35 Squires
34:23 Gambesons
35:15 Chain Mail Armor
34:50 Arson
36:24 Forging
36:39 Ballistics
37:40 Wheelbarrow
38:24 Plate Mail Armor
38:30 Conscription
37:34 Hamask
39:01 Iron Casting
38:58 Elite Jomsviking
42:21 Chemistry
42:18 Gold Shaft Mining
42:14 Murder Holes
43:30 Siege Engineers
43:17 Northmen's Fury
44:15 Caravan
acardonahenao99
6:03 Loom
14:53 Feudal Age
15:23 Horse Collar
15:32 Double-Bit Axe
24:26 Castle Age
23:02 Wheelbarrow
23:17 Gold Mining
23:20 Stone Mining
25:41 Bow Saw
26:24 Town Watch
30:18 Gold Shaft Mining
30:21 Stone Shaft Mining
30:03 Hand Cart
29:53 Heavy Plow
30:43 Caravan
36:54 Imperial Age
36:09 Husbandry
36:17 Scale Barding Armor
36:26 Forging
36:20 Scale Mail Armor
36:11 Fletching
37:01 Murder Holes
37:27 Ballistics
37:19 Masonry
39:01 Crop Rotation
38:55 Conscription
40:38 Bloodlines
40:26 Heavy Scorpion
42:16 Chemistry
41:49 Architecture
42:53 Elite Ballista Elephant
44:06 Chain Barding Armor
44:54 Siege Engineers
45:36 Tusk Swords
46:28 Light Cavalry
46:56 Arson
46:32 Pikeman
47:52 Iron Casting
47:53 Plate Barding Armor
50:37 Double Crossbow
52:22 Halberdier
53:43 Hussar
CARMONEITOR
0:29 Loom
12:04 Feudal Age
13:22 Town Watch
13:30 Double-Bit Axe
13:28 Horse Collar
15:08 Wheelbarrow
19:05 Castle Age
18:17 Gold Mining
20:42 Bow Saw
20:35 Heavy Plow
23:09 Fervor
23:18 Caravan
23:35 Stone Mining
28:31 Fletching
29:33 Hand Cart
29:48 Scale Barding Armor
30:47 Gold Shaft Mining
35:24 Imperial Age
33:26 Bodkin Arrow
33:52 Chain Barding Armor
33:42 Forging
34:02 Ballistics
33:53 Masonry
34:51 Town Patrol
35:34 Coinage
37:14 Chemistry
36:53 Crop Rotation
37:02 Plate Barding Armor
37:03 Iron Casting
36:41 Guilds
36:34 Pikeman
37:14 Squires
38:34 Conscription
38:32 Bloodlines
38:22 Husbandry
39:13 Block Printing
42:05 Banking
42:38 Blast Furnace
41:39 Scale Mail Armor
41:51 Ballistas
41:12 Heavy Scorpion
41:22 Halberdier
42:30 Elite Centurion
43:31 Comitatenses
47:28 Onager
49:08 Architecture
48:44 Siege Engineers
48:32 Guard Tower
48:53 Fortified Wall
48:39 Murder Holes
50:14 Chain Mail Armor
50:01 Padded Archer Armor
52:31 Man-at-Arms
54:22 Keep
56:49 Sappers
57:35 Redemption
57:25 Atonement
57:26 Devotion
57:51 Illumination
57:22 Herbal Medicine
梦寐一秋.
11:32 Feudal Age
17:31 Castle Age
29:55 Double-Bit Axe
35:14 Imperial Age
34:26 Thumb Ring
36:55 Eagle Warrior
37:37 Squires
38:53 Elite Eagle Warrior
40:06 Forging
39:56 Scale Mail Armor
41:51 Crossbowman
46:48 Iron Casting
46:29 Chain Mail Armor
45:40 Elite Plumed Archer
53:24 Ballistics
Connection lost

Rejoining the realm…

Still unreachable

The connection could not be restored.

Session expired

The server has moved on; the page needs a fresh start.